 Dungeon Crawl Stone Soup version 0.25.1-2-g60ff931df9 (webtiles) character file.

Game seed: 2497737078471763574

79 DearestLeader the Chopper (level 4, -10/34 HPs)
             Began as a Demonspawn Gladiator on Oct 24, 2020.
             Killed by nerve-wracking pain
             ... invoked by Jessica
              (12 damage)
             ... on level 2 of the Dungeon.
             The game lasted 00:02:49 (1714 turns).

DearestLeader the Chopper (Demonspawn Gladiator)    Turns: 1714, Time: 00:02:49

Health: -10/34     AC:  6    Str: 15    XL:     4   Next: 17%
Magic:  4/4        EV: 13    Int: 10    God:
Gold:   87         SH:  0    Dex: 14    Spells: 3/3 levels left

rFire    . . .     SeeInvis .   a - +0 war axe
rCold    . . .     Gourm    .   (no shield)
rNeg     . . .     Faith    .   b - +0 leather armour
rPois    .         Spirit   .   c - +0 helmet
rElec    .         Reflect  .   (no cloak)
rCorr    .         Harm     .   (no gloves)
MR       .....                  (no boots)
Stlth    +.........             (no amulet)
HPRegen  0.11/turn              (no ring)
MPRegen  0.09/turn              (no ring)

@: slowed, very slow
A: thin metallic scales 1, powered by pain 1
a: no special abilities


You were on level 2 of the Dungeon.
You were not hungry.

You visited 1 branch of the dungeon, and saw 2 of its levels.

You collected 87 gold pieces.

Inventory:

Hand Weapons
 a - a +0 war axe (weapon)
Missiles
 d - 3 throwing nets
 e - 14 poisoned darts (quivered)
Armour
 b - a +0 leather armour (worn)
 c - a +0 helmet (worn)
Scrolls
 j - 4 scrolls of identify {unknown}
 k - a scroll of blinking {unknown}
 o - a scroll of remove curse {unknown}
 p - a scroll of fear {unknown}
 q - a scroll of enchant weapon {unknown}
Potions
 h - a potion of heal wounds {unknown}
 i - a potion of haste {unknown}
 l - 2 potions of brilliance {unknown}
 m - a potion of berserk rage {unknown}
 n - a potion of might {unknown}
Comestibles
 f - 3 rations
 g - 5 chunks of flesh


   Skills:
 + Level 2.6 Fighting
 * Level 4.1 Axes
 - Level 1.7 Throwing
 - Level 3.0 Dodging


You had 3 spell levels left.
You didn't know any spells.
Your spell library was empty.

Dungeon Overview and Level Annotations

Branches:
Dungeon (2/15)

Altars:

Annotations:
D:2 Jessica


Innate Abilities, Weirdness & Mutations

You are partially covered in thin metallic scales. (AC +2)
You sometimes gain a little power by taking damage.


Message History

You hit the goblin but do no damage. The goblin hits you but does no damage.
Jessica mumbles some strange words.
Jessica blinks!
The goblin barely misses you. The goblin hits you but does no damage.
You closely miss the goblin.
The goblin is severely wounded.
Jessica looks very angry.
Jessica gestures wildly while chanting.
Jessica blinks!
The goblin hits you but does no damage.
Jessica points at you and mumbles some strange words.
Pain shoots through your body! Jessica casts a spell at you.
Pain shoots through your body!
* * * LOW HITPOINT WARNING * * *
The goblin hits you but does no damage.
Jessica mumbles some strange words.
Jessica blinks!
Jessica casts a spell at you. Pain shoots through your body!
You die...

.....@.. .... .... ...
... #.. #(. ##.# ####.##
#..###..# #....l#
#......### .....###r#
#...#....### ##. #g#
###...##...# #.##
##..####..
.#####@.########.# ##.
.....@............# ##.
..#######.######........
#.# #.# ......### #.#
... ....#### #.# ##...##
##.#.# #.# #.>.#.#
#.#..#### #.##..###.#
#.##.....# ##<...# #.#
#. ## #..


You could see Jessica, a goblin, a frilled lizard and a rat.

Vanquished Creatures
  Natasha (D:2)
  3 dart slugs
  A leopard gecko (D:1)
  2 giant cockroaches (D:1)
  10 goblins
  5 hobgoblins
  A quokka (D:2)
  A ball python (D:1)
  5 bats
  12 frilled lizards
  2 kobolds (D:1)
  7 rats (D:1)
50 creatures vanquished.

Notes
Turn   | Place    | Note
-------+----------+-------------------------------------------
     0 | D:1      | DearestLeader the Demonspawn Gladiator began the quest for
                  | the Orb.
     0 | D:1      | Reached XP level 1. HP: 16/16 MP: 1/1
   285 | D:1      | Reached skill level 3 in Axes
   455 | D:1      | Gained mutation: You are partially covered in thin metallic
                  | scales. (AC +2) [demonic ancestry]
   455 | D:1      | Reached XP level 2. HP: 22/22 MP: 2/2
   854 | D:1      | Reached XP level 3. HP: 21/27 MP: 3/3
  1314 | D:2      | Noticed Jessica
  1699 | D:2      | Noticed Natasha
  1709 | D:2      | Killed Natasha
  1709 | D:2      | Reached skill level 4 in Axes
  1709 | D:2      | Gained mutation: You sometimes gain a little power by
                  | taking damage. [demonic ancestry]
  1709 | D:2      | Reached XP level 4. HP: 17/34 MP: 4/4
  1714 | D:2      | Killed from afar by Jessica

Illustrated notes

Levels and vault maps discovered:
D:1:      elethiomel_arrival_maze, layout_basic, minmay_lizard_king
D:2:      layout_rooms, first_ration, uniq_natasha, uniq_jessica

Skill      XL: |  1  2  3 |
---------------+----------+-----
Axes           | 3 4 |  4.1
Dodging        | 3 |  3.0
Fighting       | |  2.6
Throwing       | |  1.7

Action                   |  1- 3 |  4- 6 || total
-------------------------+-------+-------++-------
Melee: War axe           |   131 |     1 ||   132
 Stab: Sleeping          |     1 |       ||     1
  Eat: Chunk             |     3 |       ||     3
Armor: Leather armour    |    82 |     2 ||    84
Dodge: Dodged            |   147 |     1 ||   148
